 Dungeon Crawl Stone Soup version 0.25.0-9-g26727b657a (webtiles) character file.

Game seed: 15772274418106114905

121 Exodus22XD the Poker (level 4, 0/34 HPs)
             Began as a Demonspawn Gladiator on June 21, 2020.
             Was a Follower of Uskayaw.
             Slain by Sigmund
             ... wielding a +6 scythe of protection
              (9 damage)
             ... on level 2 of the Dungeon.
             The game lasted 00:04:08 (1342 turns).

Exodus22XD the Poker (Demonspawn Gladiator)         Turns: 1342, Time: 00:04:08

Health: 0/34       AC:  9    Str: 16    XL:     4   Next: 77%
Magic:  4/4        EV: 12    Int:  9    God:    Uskayaw [*.....]
Gold:   98         SH:  0    Dex: 14    Spells: 3/3 levels left

rFire    + . .     SeeInvis .   a - +0 trident
rCold    . . .     Gourm    .   (no shield)
rNeg     . . .     Faith    .   h - +0 ring mail
rPois    .         Spirit   .   c - +0 helmet
rElec    .         Reflect  .   g - +0 cloak
rCorr    .         Harm     .   (no gloves)
MR       .....                  (no boots)
Stlth    ..........             (no amulet)
HPRegen  0.11/turn              m - ring of wizardry
MPRegen  0.09/turn              (no ring)

@: confused
A: talons 1, molten scales 1, fire resistance 1
a: Stomp, Renounce Religion


You were on level 2 of the Dungeon.
You worshipped Uskayaw.
Uskayaw was noncommittal.
You were hungry.

You visited 1 branch of the dungeon, and saw 2 of its levels.

You collected 98 gold pieces.

Inventory:

Hand Weapons
 a - a +0 trident (weapon)
Missiles
 d - 3 throwing nets (quivered)
Armour
 c - a +0 helmet (worn)
 g - a +0 cloak (worn)
 h - a +0 ring mail (worn)
Jewellery
 m - a ring of wizardry (left hand)
Scrolls
 e - a scroll of remove curse {unknown}
 j - a scroll of noise {unknown}
 k - 2 scrolls of identify {unknown}
 o - a scroll of amnesia {unknown}
Potions
 b - a potion of cancellation {unknown}
 i - 2 potions of lignification {unknown}
 l - 2 potions of heal wounds {unknown}
 n - 2 potions of curing {unknown}
 q - a potion of stabbing {unknown}
 r - a potion of ambrosia {unknown}
Comestibles
 f - 3 rations
 p - 5 chunks of flesh


   Skills:
 + Level 2.3 Fighting
 + Level 3.9 Polearms
 - Level 1.7 Throwing
 + Level 0.8 Armour
 + Level 3.6 Dodging
 + Level 0.2 Stealth
 * Level 0.5 Invocations


You had 3 spell levels left.
You didn't know any spells.
Your spell library was empty.

Dungeon Overview and Level Annotations

Branches:
Dungeon (2/15)

Altars:
Nemelex Xobeh
Uskayaw

Annotations:
D:2 Sigmund


Innate Abilities, Weirdness & Mutations

You have sharp toenails.
You are partially covered in molten scales. (AC +2)
Your flesh is heat resistant. (rF+)


Message History

* * * LOW HITPOINT WARNING * * *
You barely miss the quokka. You claw the quokka, but do no damage.
The quokka closely misses you.
You miss the quokka.
The quokka bites you but does no damage.
You hear some strange, mumbled words.
You are confused.
The quokka barely misses you.
You bump into the rock wall.
You hear some strange, mumbled words.
You are more confused.
The quokka closely misses you. Something hits you.
* * * LOW HITPOINT WARNING * * *
The quokka bites you but does no damage.
The quokka misses you. Something hits you but does no damage.
You puncture the quokka!
You kill the quokka!
Something hits you!
You die...

###(..)......## ##
#####(.†.......+ #
...(...........# .#
...............# .###
.........[.....####...#
÷...................#
................{...#
.....#+#+###........#
.....# #....@...#
.....# #....!...#
###### ##########


There were no monsters in sight!

Vanquished Creatures
  A hound (D:2)
  A worker ant zombie (D:2)
  An adder (D:2)
  An ooze (D:2)
  An adder skeleton (D:2)
  2 worms (D:2)
  2 dart slugs (D:1)
  2 leopard geckos
  5 bats
  3 giant cockroaches
  2 goblins (D:2)
  4 hobgoblins
  3 jackals (D:1)
  2 quokkas (D:2)
  2 frilled lizards (D:2)
  A giant cockroach zombie (D:2)
  9 kobolds
  A quokka zombie (D:2)
  9 rats
52 creatures vanquished.

Notes
Turn   | Place    | Note
-------+----------+-------------------------------------------
     0 | D:1      | Exodus22XD the Demonspawn Gladiator began the quest for the
                  | Orb.
     0 | D:1      | Reached XP level 1. HP: 16/16 MP: 1/1
   177 | D:1      | Gained mutation: Your flesh is heat resistant. (rF+)
                  | [demonic ancestry]
   177 | D:1      | Reached XP level 2. HP: 21/22 MP: 2/2
   612 | D:1      | Gained mutation: You have sharp toenails. [demonic
                  | ancestry]
   612 | D:1      | Reached XP level 3. HP: 27/27 MP: 3/3
   709 | D:2      | Noticed Sigmund
  1156 | D:2      | Gained mutation: You are partially covered in molten
                  | scales. (AC +2) [demonic ancestry]
  1156 | D:2      | Reached XP level 4. HP: 21/33 MP: 4/4
  1159 | D:2      | Found a hide-covered altar of Uskayaw.
  1173 | D:2      | Became a worshipper of Uskayaw the Reveler
  1203 | D:2      | Found a sparkling altar of Nemelex Xobeh.
  1263 | D:2      | Reached * piety under Uskayaw
  1301 | D:2      | Reached ** piety under Uskayaw
  1342 | D:2      | Slain by Sigmund

Illustrated notes

Levels and vault maps discovered:
D:1:      lemuel_arrival_river_bridge, layout_loops_ring
D:2:      layout_basic, nemelex_altar_shiori, eat_drink_and_be_merry_uskayaw,
          serial_undead, serial_undead_e, serial_undead_b, serial_undead_f,
          serial_undead_c, serial_undead_c, serial_undead_f, serial_undead_f,
          hangedman_decor_riveting, makhleb_heckhound_becter, uniq_sigmund

Skill      XL: |  1  2 |
---------------+-------+-----
Dodging        | 3 |  3.6
Polearms       | 3 |  3.9
Fighting       | |  2.3
Throwing       | |  1.7
Armour         | |  0.8
Stealth        | |  0.2
Invocations    | |  0.5

Action                   |  1- 3 |  4- 6 || total
-------------------------+-------+-------++-------
Melee: Trident           |   131 |    34 ||   165
       Kick              |    20 |     6 ||    26
 Stab: Sleeping          |     1 |       ||     1
  Eat: Chunk             |     1 |       ||     1
Armor: Leather armour    |    52 |       ||    52
       Ring mail         |     4 |    22 ||    26
Dodge: Dodged            |   112 |    37 ||   149
